 Dungeon Crawl Stone Soup version 0.23-a0-319-gb40ba49 (webtiles) character file.

141 Amnesiac the Digger (level 5, 21/21 HPs)
             Began as a Felid Earth Elementalist on Oct 15, 2018.
             Quit the game on level 5 of the Dungeon.
             The game lasted 00:06:14 (1848 turns).

Amnesiac the Digger (Felid Earth Elementalist)      Turns: 1848, Time: 00:06:14

Health: 21/21      AC:  2    Str:  4    XL:     5   Next: 3%
Magic:  10/10      EV: 18    Int: 18    God:
Gold:   109        SH:  0    Dex: 17    Spells: 3/10 levels left
                                        Lives:  0   Deaths: 1

rFire    . . .     SeeInvis +     - Unarmed
rCold    . . .     Gourm    .   (shield unavailable)
rNeg     . . .     Faith    .   (armour unavailable)
rPois    .         Spirit   .   (helmet unavailable)
rElec    .         Reflect  .   (cloak unavailable)
rCorr    .         Harm     .   (gloves unavailable)
MR       .....                  (boots unavailable)
Stlth    +++.......             (no amulet)
HPRegen  0.07/turn              (no ring)
MPRegen  0.12/turn              (no ring)

@: quick
A: very small, no armour, no weapons or thrown items, stealth, claws 1, fangs 3,
see invisible, carnivore, speed 1, shaggy fur 2, slow metabolism 1, sharp paws
a: no special abilities


You were on level 5 of the Dungeon.
You were not hungry.

You visited 1 branch of the dungeon, and saw 5 of its levels.

You collected 109 gold pieces.

Inventory:

Missiles
 b - 57 stones
Wands
 e - a wand of clouds (6)
 f - a wand of digging (5)
 h - a wand of enslavement (19)
Scrolls
 a - 2 scrolls of immolation {!r, unknown}
 d - a scroll of blinking {!r, unknown}
 g - 2 scrolls of amnesia {!r, unknown}
 j - a scroll of random uselessness {!r, unknown}
 k - a scroll of enchant armour {!r, unknown}
 l - a scroll of noise {!r, unknown}
 m - a scroll of teleportation {!r, unknown}
Potions
 i - a potion of mutation {!q, unknown}
Comestibles
 c - 7 rations
 n - 2 chunks of flesh


   Skills:
 - Level 2.6 Dodging
 - Level 2.6 Stealth
 + Level 2.5 Unarmed Combat
 + Level 3.2 Spellcasting
 - Level 2.0 Transmutations
 * Level 4.6 Earth Magic


You had 3 spell levels left.
You knew the following spells:

 Your Spells              Type           Power        Failure   Level  Hunger
a - Sandblast             Erth           ###...       2%          1    None
b - Passwall              Tmut/Erth      ##......     6%          2    ##.....
e - Petrify               Tmut/Erth      ##......     38%         4    ####...

Your spell library contained the following spells:

 Spells                   Type           Power        Failure   Level  Hunger
 Magic Dart               Conj           #...         16%         1    None
 Stone Arrow              Conj/Erth      ##....       19%         3    ###....
 Blink                    Tloc           N/A          24%         2    ##.....
 Call Imp                 Summ           #.......     24%         2    ##.....
 Slow                     Hex            #.......     24%         2    ##.....
 Conjure Flame            Conj/Fire      #.......     43%         3    ###....
 Mephitic Cloud           Conj/Pois/Air  #.......     43%         3    ###....
 Lee's Rapid Deconstruct  Erth           ###.......   54%         5    ######.


Dungeon Overview and Level Annotations

Branches:
Dungeon (5/15)
 Temple: D:4-7

Altars:
Fedhas
Hepliaklqana
Kikubaaqudgha
Okawaru
Qazlal

Shops:
D:5 %


Innate Abilities, Weirdness & Mutations

You cannot wear armour.
You are incapable of wielding weapons or throwing items.
Your paws allow you to move quietly. (Stealth)
You have sharp claws.
You have razor-sharp teeth.
You have supernaturally acute eyesight. (SInv)
You are carnivorous and can eat meat at any time.
You cover ground quickly.
You are covered in thick fur. (AC +2)
You have a slow metabolism.
Your sharp claws are effective at attacking unaware monsters.


Message History

Magic restored.
You pick up a book of Minor Magic and begin reading...
You add the spells Magic Dart, Blink, Call Imp, Slow, Conjure Flame and
Things that are here:
a chain mail; a mace; a club
Things that are here:
22 arrows; a shortbow Key pressed, stopping explore.
An adder comes into view.
Found a dagger.
Found an escape hatch in the floor.
You pounce on the unaware helpless adder!
You claw the adder!
The adder is almost dead.
The adder bites you.
You closely miss the adder. You bite the adder.
You kill the adder!
You have reached level 6!
Your experience leads to an increase in your attributes!
Increase (S)trength, (I)ntelligence, or (D)exterity?
You feel agile.
Your fur grows into a thick mane.
Found 13 gold pieces.
You see here an adder corpse.
You butcher the adder corpse.
n - 2 chunks of flesh You see here an adder skeleton.
Unknown command.
Casting: Sandblast (safe; 2% risk of failure)
Confirm with . or Enter, or press ? or * to list all spells.
Aiming: Passwall (safe; 6% risk of failure)
Press: ? - help, Dir - move target cursor A rock wall.
You begin to meditate on the wall.
You continue meditating on the rock. x2
You finish merging with the rock.
Unknown command.
There is a stone staircase leading up here.
You climb upwards.
The orc wizard shouts!
An orc and 2 orc priests come into view.
The orc priest shouts!
The orc priest calls down the wrath of Beogh upon you.
Beogh smites you!
Ouch! That really hurt!
* * * LOW HITPOINT WARNING * * *
There is a stone staircase leading down here.
The orc priest casts a cantrip, but nothing happens.
You climb downwards.
There is a stone staircase leading up here.
Okay, then.
Casting: Passwall (safe; 6% risk of failure)
Confirm with . or Enter, or press ? or * to list all spells.
Aiming: Sandblast (safe; 2% risk of failure)
Press: ? - help, Shift-Dir - straight line, f - orc priest
Aim: an orc priest The blast of sand hits the orc priest.
The orc priest is heavily wounded.
b - 57 stones The orc priest mumbles some strange prayers to Beogh against you.
Pain shoots through your body!
You die...
You are now level 5!
You rejoin the land of the living...
Are you sure you want to abandon this character and quit the game? (Confirm

#...####...≈≈≈≈≈≈#..........
#...........≈≈≈≈≈###........ #
#..........≈≈≈≈≈≈# #........ #
#..#.......≈.≈≈≈≈###........ ##
#..#####....≈≈≈≈≈#....#..... .#
##..# ##..≈≈≈≈≈##...###....
.####...# #####..≈###...........
........####...######............
................@#.###...........
#................#.#.#...........
###..#.............##............
>..................8..∩.o8.......
...................##............
.............###....o............
########.....# ##................
###...## ##...............
##...## #...............


There were no monsters in sight!

Vanquished Creatures
  A centaur (D:5)
  Crazy Yiuf (D:3)
  A jelly (D:5)
  An orc wizard (D:5)
  A howler monkey zombie (D:5)
  A worker ant zombie (D:5)
  4 adders
  A shadow imp (D:5)
  3 oozes
  2 adder zombies (D:5)
  A worm (D:2)
  9 orcs (D:5)
  2 goblins
  A quokka (D:3)
  A ball python (D:2)
  A bat (D:1)
  A kobold (D:1)
  A rat (D:1)
33 creatures vanquished.

Notes
Turn   | Place    | Note
-------+----------+-------------------------------------------
     0 | D:1      | Amnesiac the Felid Earth Elementalist began the quest for
                  | the Orb.
     0 | D:1      | Reached XP level 1. HP: 7/7 MP: 4/4
    58 | D:2      | Found a hazy altar of Hepliaklqana.
    91 | D:2      | Reached skill level 3 in Earth Magic
   184 | D:3      | Reached XP level 2. HP: 11/11 MP: 6/6
   188 | D:3      | Learned a level 2 spell: Passwall
   423 | D:3      | Found a runed door.
   504 | D:3      | Noticed Crazy Yiuf
   532 | D:3      | Killed Crazy Yiuf
   532 | D:3      | Reached skill level 1 in Unarmed Combat
   532 | D:3      | Reached XP level 3. HP: 14/14 MP: 1/7
   705 | D:5      | Entered Level 5 of the Dungeon
   715 | D:5      | Found Awegiss's Food Emporium.
   752 | D:5      | Reached XP level 4. HP: 18/18 MP: 0/8
   888 | D:5      | Reached skill level 4 in Earth Magic
   888 | D:5      | Reached XP level 5. HP: 21/21 MP: 0/10
  1082 | D:5      | Noticed a centaur
  1263 | D:5      | Learned a level 4 spell: Petrify
  1468 | D:5      | Killed a centaur
  1540 | D:4      | Found an iron altar of Okawaru.
  1585 | D:5      | Found a blossoming altar of Fedhas.
  1586 | D:5      | Found an ancient bone altar of Kikubaaqudgha.
  1593 | D:5      | Found a stormy altar of Qazlal.
  1823 | D:5      | Gained mutation: You are covered in thick fur. (AC +2)
                  | [Felid growth]
  1823 | D:5      | Reached XP level 6. HP: 18/24 MP: 11/11
  1847 | D:5      | Killed from afar by an orc priest
  1848 | D:5      | Reached XP level 5. HP: -3/21 MP: 9/10
  1848 | D:5      | Quit the game

Vault maps used:
D:1:      dpeg_arrival_rhombus
D:2:      lemuel_crystal_altar, first_ration, makhleb_heckhound_becter
D:3:      cheibrodos_old_hovel, uniq_crazy_yiuf_cottage
D:4:      kennysheep_mini
D:5:      nicolae_overflow_hidden_temple, serial_shops, shop_statue,
          nicolae_underground_beach

Skill      XL: |  1  2  3  4  5 |
---------------+----------------+-----
Earth Magic    | 3 4 |  4.6
Unarmed Combat | 1 2 |  2.5
Transmutations | 2 |  2.0
Spellcasting   | 3 |  3.2
Dodging        | |  2.6
Stealth        | |  2.6

Action                   |  1- 3 |  4- 6 || total
-------------------------+-------+-------++-------
Melee: Unarmed           |    25 |    39 ||    64
       Bite              |     1 |     5 ||     6
 Cast: Sandblast         |    20 |    24 ||    44
       Passwall          |     1 |     7 ||     8
       Petrify           |       |     2 ||     2
Evoke: Wand              |     1 |       ||     1
 Stab: Sleeping          |     4 |     3 ||     7
       Petrified         |       |     9 ||     9
  Eat: Chunk             |     7 |     2 ||     9
Armor: Skin              |     1 |     1 ||     2
Dodge: Dodged            |    24 |    30 ||    54

Table legend:
 A = Non-vault XP
 B = Vault XP
 C = Vault XP percentage of total XP
 D = Non-vault monster count
 E = Vault monster count
 F = Vault count percentage of total count
                 A         B        C        D         E       F
            +---------+---------+-------+---------+---------+-------
      Total |     339 |      53 |  13.5 |      31 |       2 |   6.1
            +---------+---------+-------+---------+---------+-------
        D:1 |       3 |       0 |   0.0 |       3 |       0 |   0.0
        D:2 |       8 |       0 |   0.0 |       3 |       0 |   0.0
        D:3 |      10 |      53 |  84.1 |       3 |       2 |  40.0
        D:5 |     318 |       0 |   0.0 |      22 |       0 |   0.0
            +---------+---------+-------+---------+---------+-------
